WCHLSIM.com - West Coast Hockey League
html PUBLIC "-//W3C//DTD XHTML 1.0 Transitional//EN" "http://www.w3.org/TR/xhtml1/DTD/xhtml1-transitional.dtd"> WCHL - Game 57 - LONG BEACH BARACUDAS vs SAN DIEGO THUNDER

LONG BEACH BARACUDAS vs SAN DIEGO THUNDER

Created - 5 juin 2021 at 22:27

Goals
1 2 3 OT1 OT2 T
LONG BEACH BARACUDAS 2 0 0 0 0 2
SAN DIEGO THUNDER 0 1 1 0 1 3
Shots
1 2 3 OT1 OT2 T
LONG BEACH BARACUDAS 9 3 6 13 11 42
SAN DIEGO THUNDER 5 9 7 8 6 35

1st period

1. LONG BEACH BARACUDAS , Steven Stamkos 1 (Alex Pietrangelo 3) at 7:18
2. LONG BEACH BARACUDAS , J.T. Compher 1 (Kyle Palmieri 2, Derek Stepan 3) at 13:38 (PP)

Penalties :
Alex Pietrangelo (LOB) for High sticking (Minor) at 2:15, Patrik Nemeth (SDG) for Holding (Minor) at 5:08, Brandon Montour (LOB) for High sticking (Minor) at 9:27, Mark Borowiecki (SDG) for Charging (Minor) at 13:32

2nd period

3. SAN DIEGO THUNDER , Logan Couture 3 (Evander Kane 5, Ilya Mikheyev 2) at 17:12

Penalties :
Connor Murphy (SDG) for High sticking (Minor) at 17:17

3rd period

4. SAN DIEGO THUNDER , Ilya Mikheyev 1 (David Perron 1, Jean-Gabriel Pageau 1) at 2:15 (PP)

Penalties :
Steven Stamkos (LOB) for Hooking (Minor) at 1:53, Evander Kane (SDG) for Hooking (Minor) at 7:57, Deryk Engelland (SDG) for Tripping (Minor) at 10:47

Overtime #1

No Goal

Penalties :
Deryk Engelland (SDG) for Boarding (Minor) at 15:57

Overtime #2

5. SAN DIEGO THUNDER , Jean-Gabriel Pageau 3 (Ryan Hartman 2, Mark Borowiecki 1) at 19:56

Penalties :
Deryk Engelland (SDG) for Tripping (Minor) at 1:55

Goalie Stats

Jonathan Quick (LOB), 32 saves from 35 shots - (0,914), OTL, 4-1-2, 99:57 minutes
Connor Hellebuyck (SDG), 40 saves from 42 shots - (0,952), W, 5-0-0, 99:57 minutes

Players Stats for LONG BEACH BARACUDAS

Player Name              G  A  P  +/- PIM S  H  SB GA TA FO     MP     PP MP  PK MP  
------------------------------------------------------------------------------------
Alex Pietrangelo         0  1  1   0  2   0  2  3  0  0  0/0    38:31   0:49   1:22 
Alexandre Texier         0  0  0   0  0   0  0  0  0  0  0/0     7:23   0:00   0:00 
Andreas Johnsson         0  0  0  -2  0   2  2  0  0  0  0/0    19:53   5:47   0:00 
Ben Hutton               0  0  0   0  0   1  0  1  0  0  0/0    37:12   7:15   2:26 
Brandon Montour          0  0  0  -1  2   0  1  1  0  0  0/0    31:27   4:45   0:45 
Brock Nelson             0  0  0   0  0   5  0  0  0  0  26/39  33:57   5:47   0:00 
Derek Stepan             0  1  1  -2  0   3  0  0  0  0  14/27  23:12   6:13   2:53 
J.T. Compher             1  0  1  -2  0   2  1  0  0  0  0/1    21:46   6:13   1:27 
Jaden Schwartz           0  0  0   0  0   6  0  0  0  0  0/1    28:10   0:00   0:00 
Jordie Benn              0  0  0   1  0   0  2  1  0  0  0/0    15:19   0:00   1:45 
Kyle Palmieri            0  1  1   1  0   2  2  0  0  0  2/5    39:42   5:44   0:00 
Loui Eriksson            0  0  0   0  0   0  0  0  0  0  0/0    12:57   5:34   0:00 
Michael Del Zotto        0  0  0  -1  0   1  4  3  0  0  0/0    33:00   7:15   0:00 
Pierre-Edouard Bellemare 0  0  0   0  0   0  0  0  0  0  3/5     7:32   0:00   0:09 
Reyley Smith             0  0  0   0  0   6  1  0  0  0  2/3    30:19   0:42   1:27 
Ron Hainsey              0  0  0  -1  0   0  4  2  0  0  0/0    44:23   3:56   2:22 
Steven Stamkos           1  0  1   1  2   7  0  2  0  0  20/34  33:57   0:00   0:00 
Taylor Hall              0  0  0   1  0   7  2  0  0  0  1/1    36:42   0:00   2:44 

Players Stats for SAN DIEGO THUNDER

Player Name              G  A  P  +/- PIM S  H  SB GA TA FO     MP     PP MP  PK MP  
------------------------------------------------------------------------------------
Andrew Cogliano          0  0  0   0  0   0  0  0  0  0  0/0     6:54   0:00   1:39 
Charles McAvoy           0  0  0   0  0   0  2  1  0  0  0/0    43:22   2:45   6:35 
Connor Murphy            0  0  0   0  2   1  0  4  0  0  0/0    34:22   1:35   5:41 
David Perron             0  1  1  -1  0   5  2  0  0  0  1/1    32:12   1:57   0:00 
Deryk Engelland          0  0  0   0  6   0  7  2  0  0  0/0    22:35   0:47   0:22 
Erik Johnson             0  0  0   1  0   0  0  5  0  0  0/0    33:04   0:48   5:04 
Evander Kane             0  1  1   1  2   1  1  0  0  0  0/1    30:10   0:46   0:00 
Ilya Mikheyev            1  1  2   1  0   3  0  0  0  0  0/3    29:41   1:10   0:00 
Jay Beagle               0  0  0   0  0   0  1  0  0  0  2/5     5:29   0:00   0:19 
Jean-Gabriel Pageau      1  1  2   1  0   3  1  0  0  0  13/27  29:05   1:57   6:57 
Logan Couture            1  0  1   1  0   3  0  0  0  0  18/40  33:15   0:00   4:44 
Marcus Foligno           0  0  0   1  0   3  3  0  0  0  0/1    26:26   1:37   4:38 
Mark Borowiecki          0  1  1   1  2   0  2  1  0  0  0/0    32:24   0:00   5:13 
Mark Scheifele           0  0  0  -1  0   4  1  0  0  0  14/36  32:08   2:23   0:00 
Nikita Kucherov          0  0  0  -1  0   9  0  1  0  0  0/2    32:08   2:23   0:00 
Patrik Nemeth            0  0  0   0  2   1  0  0  0  0  0/0    22:22   0:00   0:00 
Rasmus Dahlin            0  0  0   0  0   0  0  0  0  0  0/0    11:39   2:45   1:05 
Ryan Hartman             0  1  1   1  0   2  0  1  0  0  0/0    30:22   0:47   5:43 

3 Stars

1 - Connor Hellebuyck (SDG)
2 - Jean-Gabriel Pageau (SDG)
3 - Ilya Mikheyev (SDG)

Power Play

LONG BEACH BARACUDAS - 1 on 7 Attempt(s) - 14,29%
SAN DIEGO THUNDER - 1 on 3 Attempt(s) - 33,33%

Penalty Kill

LONG BEACH BARACUDAS - 2 on 3 Attempt(s) - 66,67% - Score 0 goal in Penalty Kill
SAN DIEGO THUNDER - 6 on 7 Attempt(s) - 85,71% - Score 0 goal in Penalty Kill

Team Stat

LONG BEACH BARACUDAS - Hits : 21 - Faceoff Wins : 68 - Blocked Shots : 13 - Penalty Minutes : 6
SAN DIEGO THUNDER - Hits : 20 - Faceoff Wins : 48 - Blocked Shots : 15 - Penalty Minutes : 14

Official

Referees : Jim Curtin and Dan O'Halloran
Linesman : Jake Davis and Neil Campbell

Game Notes

Jordie Benn is injured at 16:28 of 3rd period (Torso)

Finance

Level 1 -- Attendance: 6043 (96,38%) -- Ticket Income 1 057 525 $
Level 2 -- Attendance: 4972 (93,46%) -- Ticket Income 596 640 $
Level 3 -- Attendance: 2017 (96,51%) -- Ticket Income 201 700 $
Level 4 -- Attendance: 4320 (100,00%) -- Ticket Income 302 400 $
Luxury Box -- Attendance: 986 (98,60%) -- Ticket Income 295 800 $
Total Attendance: 18338 (96,52%)
Total Ticket Income: 2 454 065 $
Other Expense: 24 541 $
Total Income: 2 429 524 $

LONG BEACH BARACUDAS

5 vs 5 Forward 
   Center                   Left Wing                Right Wing               Time % Phy DF OF 
 1 Steven Stamkos           Taylor Hall              Kyle Palmieri            44     0   1  4  
 2 Brock Nelson             Jaden Schwartz           Reyley Smith             35     0   2  3  
 3 Derek Stepan             J.T. Compher             Andreas Johnsson         14     0   2  3  
 4 Pierre-Edouard Bellemare Alexandre Texier         Loui Eriksson            7      0   2  3  

5 vs 5 Defense 
   Defense                  Defense                                           Time % Phy DF OF 
 1 Alex Pietrangelo         Ron Hainsey                                       40     0   2  3  
 2 Ben Hutton               Michael Del Zotto                                 30     0   3  2  
 3 Jordie Benn              Brandon Montour                                   18     0   3  2  
 4 Ron Hainsey              Alex Pietrangelo                                  12     0   3  2  

PowerPlay Forward 
   Center                   Left Wing                Right Wing               Time % Phy DF OF 
 1 Derek Stepan             J.T. Compher             Kyle Palmieri            51     0   0  5  
 2 Brock Nelson             Loui Eriksson            Andreas Johnsson         49     0   0  5  

PowerPlay Defense
   Defense                  Defense                                           Time % Phy DF OF 
 1 Michael Del Zotto        Ben Hutton                                        55     0   1  4  
 2 Brandon Montour          Ron Hainsey                                       45     0   1  4  

Penalty Kill 4 Players Forward 
   Center                   Wing                     Time % Phy DF OF 
 1 Derek Stepan             Taylor Hall              60     0   3  2  
 2 J.T. Compher             Reyley Smith             40     0   3  2  

Penalty Kill 4 Players Defense
   Defense                  Defense                  Time % Phy DF OF 
 1 Ron Hainsey              Jordie Benn              55     0   3  2  
 2 Ben Hutton               Alex Pietrangelo         45     0   3  2  

Penalty Kill - 3 Players Forward 
   Forward                                           Time % Phy DF OF 
 1 Steven Stamkos                                    55     1   4  0  
 2 Derek Stepan                                      45     1   4  0  

Penalty Kill - 3 Players Defense
   Defense                  Defense                  Time % Phy DF OF 
 1 Jordie Benn              Ron Hainsey              55     1   4  0  
 2 Ben Hutton               Michael Del Zotto        45     1   4  0  

4 vs 4 Forward 
   Center                   Wing                     Time % Phy DF OF 
 1 Pierre-Edouard Bellemare Jaden Schwartz           55     1   2  2  
 2 Derek Stepan             Reyley Smith             45     1   2  2  

4 vs 4 Defense
   Defense                  Defense                  Time % Phy DF OF 
 1 Ben Hutton               Brandon Montour          55     1   2  2  
 2 Alex Pietrangelo         Michael Del Zotto        45     1   2  2  

Last Minutes Offensive
   Center                   Left Wing                Right Wing               Defense                  Defense                  
   Steven Stamkos           Taylor Hall              Kyle Palmieri            Michael Del Zotto        Alex Pietrangelo         

Last Minutes Defensive
   Center                   Left Wing                Right Wing               Defense                  Defense                  
   Brock Nelson             Jaden Schwartz           Reyley Smith             Ron Hainsey              Michael Del Zotto        

Goaltenders
Starting : Jonathan Quick           
Backup : Brian Elliott            

Extra Forwards
Normal : Jaden Schwartz, Derek Stepan, J.T. Compher - PP : Reyley Smith, Kyle Palmieri - PK : Pierre-Edouard Bellemare
Extra Defensemen
Normal : Ron Hainsey, Ben Hutton, Alex Pietrangelo - PP : Brandon Montour - PK : Ben Hutton, Ron Hainsey
Penalty Shots
Jaden Schwartz, Taylor Hall, Steven Stamkos, Brock Nelson, Reyley Smith
Custom OT Lines Forwards
Steven Stamkos, Taylor Hall, Jaden Schwartz, Kyle Palmieri, Reyley Smith, Brock Nelson, Derek Stepan, Alexandre Texier, J.T. Compher, Andreas Johnsson
Custom OT Lines Defensemen
Michael Del Zotto, Ben Hutton, Ron Hainsey, Alex Pietrangelo, Brandon Montour

Scratches
Mikael Granlund (Strained Left Elbow Injury), Zach Redmond (Healthy)

SAN DIEGO THUNDER

5 vs 5 Forward 
   Center                   Left Wing                Right Wing               Time % Phy DF OF 
 1 Mark Scheifele           David Perron             Nikita Kucherov          35     0   4  1  
 2 Logan Couture            Evander Kane             Ilya Mikheyev            34     0   4  1  
 3 Jean-Gabriel Pageau      Marcus Foligno           Ryan Hartman             27     0   3  2  
 4 Jay Beagle               Andrew Cogliano          Ryan Hartman             4      0   4  1  

5 vs 5 Defense 
   Defense                  Defense                                           Time % Phy DF OF 
 1 Charles McAvoy           Connor Murphy                                     36     0   3  2  
 2 Mark Borowiecki          Erik Johnson                                      31     0   3  2  
 3 Deryk Engelland          Patrik Nemeth                                     18     0   3  2  
 4 Charles McAvoy           Rasmus Dahlin                                     15     0   2  3  

PowerPlay Forward 
   Center                   Left Wing                Right Wing               Time % Phy DF OF 
 1 Mark Scheifele           Evander Kane             Nikita Kucherov          55     0   0  5  
 2 Jean-Gabriel Pageau      David Perron             Ilya Mikheyev            45     0   0  5  

PowerPlay Defense
   Defense                  Defense                                           Time % Phy DF OF 
 1 Rasmus Dahlin            Charles McAvoy                                    55     0   0  5  
 2 Erik Johnson             Rasmus Dahlin                                     45     0   0  5  

Penalty Kill 4 Players Forward 
   Center                   Wing                     Time % Phy DF OF 
 1 Jean-Gabriel Pageau      Ryan Hartman             55     0   4  1  
 2 Logan Couture            Marcus Foligno           45     0   4  1  

Penalty Kill 4 Players Defense
   Defense                  Defense                  Time % Phy DF OF 
 1 Mark Borowiecki          Connor Murphy            55     0   5  0  
 2 Erik Johnson             Charles McAvoy           45     0   5  0  

Penalty Kill - 3 Players Forward 
   Forward                                           Time % Phy DF OF 
 1 Ilya Mikheyev                                     55     0   4  1  
 2 Ryan Hartman                                      45     0   4  1  

Penalty Kill - 3 Players Defense
   Defense                  Defense                  Time % Phy DF OF 
 1 Erik Johnson             Connor Murphy            55     0   4  1  
 2 Charles McAvoy           Mark Borowiecki          45     0   4  1  

4 vs 4 Forward 
   Center                   Wing                     Time % Phy DF OF 
 1 Mark Scheifele           Nikita Kucherov          55     0   2  3  
 2 Logan Couture            David Perron             45     0   2  3  

4 vs 4 Defense
   Defense                  Defense                  Time % Phy DF OF 
 1 Charles McAvoy           Connor Murphy            55     1   2  2  
 2 Erik Johnson             Mark Borowiecki          45     1   2  2  

Last Minutes Offensive
   Center                   Left Wing                Right Wing               Defense                  Defense                  
   Mark Scheifele           David Perron             Nikita Kucherov          Charles McAvoy           Rasmus Dahlin            

Last Minutes Defensive
   Center                   Left Wing                Right Wing               Defense                  Defense                  
   Mark Scheifele           Evander Kane             Ilya Mikheyev            Charles McAvoy           Connor Murphy            

Goaltenders
Starting : Connor Hellebuyck        
Backup : Louis Domingue           

Extra Forwards
Normal : Mark Scheifele, David Perron, Evander Kane - PP : Mark Scheifele, Marcus Foligno - PK : Ryan Hartman
Extra Defensemen
Normal : Connor Murphy, Charles McAvoy, Rasmus Dahlin - PP : Charles McAvoy - PK : Connor Murphy, Charles McAvoy
Penalty Shots
Mark Scheifele, David Perron, Evander Kane, Jean-Gabriel Pageau, Ilya Mikheyev
Custom OT Lines Forwards
Mark Scheifele, Nikita Kucherov, David Perron, Evander Kane, Logan Couture, Ilya Mikheyev, Jean-Gabriel Pageau, Marcus Foligno, Ryan Hartman, Jay Beagle
Custom OT Lines Defensemen
Charles McAvoy, Connor Murphy, Erik Johnson, Mark Borowiecki, Deryk Engelland

Scratches
Robert Fabbri (Healthy)

% Time on Ice - LONG BEACH BARACUDAS

Lines # - Real PCT - Wanted PCT - Time Play
Normal Forward
1 - 41% - 44% - 33:58
2 - 34% - 35% - 28:10
3 - 17% - 14% - 14:06
4 - 9% - 7% - 7:23
Normal Defense
1 - 36% - 40% - 29:50
2 - 30% - 30% - 24:50
3 - 32% - 18% - 26:55
4 - 2% - 12% - 2:02
PP Forward
1 - 52% - 51% - 6:13
2 - 48% - 49% - 5:47
PP Defense
1 - 60% - 55% - 7:15
2 - 40% - 45% - 4:45
PK Forward
1 - 67% - 60% - 2:53
2 - 33% - 40% - 1:27
PK Defense
1 - 40% - 55% - 1:45
2 - 60% - 45% - 2:35
PK3 Forward
1 - 0% - 55%
2 - 0% - 45%
PK3 Defense
1 - 0% - 55%
2 - 0% - 45%
44 Forward
1 - 0% - 55%
2 - 0% - 45%
44 Defense
1 - 0% - 55%
2 - 0% - 45%
Last Minute Offensive  - 0:00
Last Minute Defensive  - 0:00
Total
Forward - 99:57
Defense - 99:57

% Time on Ice - SAN DIEGO THUNDER

Lines # - Real PCT - Wanted PCT - Time Play
Normal Forward
1 - 36% - 35% - 29:45
2 - 34% - 34% - 28:31
3 - 24% - 27% - 20:11
4 - 6% - 4% - 5:10
Normal Defense
1 - 32% - 36% - 27:06
2 - 33% - 31% - 27:12
3 - 27% - 18% - 22:23
4 - 8% - 15% - 6:56
PP Forward
1 - 55% - 55% - 2:23
2 - 45% - 45% - 1:57
PP Defense
1 - 63% - 55% - 2:45
2 - 37% - 45% - 1:35
PK Forward
1 - 61% - 55% - 7:16
2 - 39% - 45% - 4:44
PK Defense
1 - 48% - 55% - 5:44
2 - 52% - 45% - 6:16
PK3 Forward
1 - 0% - 55%
2 - 0% - 45%
PK3 Defense
1 - 0% - 55%
2 - 0% - 45%
44 Forward
1 - 0% - 55%
2 - 0% - 45%
44 Defense
1 - 0% - 55%
2 - 0% - 45%
Last Minute Offensive  - 0:00
Last Minute Defensive  - 0:00
Total
Forward - 99:57
Defense - 99:57

Play-by-Play

1st period


0:01 of 1st period - David Perron wins face-off versus Steven Stamkos in neutral zone.
0:14 of 1st period - Shot by Kyle Palmieri.
0:14 of 1st period - Stopped by Connor Hellebuyck without a rebound.
0:15 of 1st period - Brock Nelson wins face-off versus Logan Couture in SAN DIEGO THUNDER zone.
2:14 of 1st period - Shot by Ryan Hartman.
2:14 of 1st period - Shot Blocked by Alex Pietrangelo.
2:15 of 1st period - Minor Penalty to Alex Pietrangelo for High sticking.
2:16 of 1st period - Mark Scheifele wins face-off versus Derek Stepan in LONG BEACH BARACUDAS zone.
2:26 of 1st period - Icing by Nikita Kucherov.
2:27 of 1st period - Mark Scheifele wins face-off versus Derek Stepan in SAN DIEGO THUNDER zone.
2:27 of 1st period - Mark Scheifele is hit by Taylor Hall.
2:41 of 1st period - Shot by Taylor Hall.
2:41 of 1st period - Shot Misses the Net.
2:51 of 1st period - Shot by Taylor Hall.
2:51 of 1st period - Shot Misses the Net.
3:55 of 1st period - Shot by David Perron.
3:55 of 1st period - Shot Misses the Net.
4:05 of 1st period - Shot by J.T. Compher.
4:05 of 1st period - Shot Misses the Net.
4:32 of 1st period - Icing by Patrik Nemeth.
4:33 of 1st period - Brock Nelson wins face-off versus Jay Beagle in SAN DIEGO THUNDER zone.
5:08 of 1st period - Shot by Jaden Schwartz.
5:08 of 1st period - Stopped by Connor Hellebuyck without a rebound.
5:08 of 1st period - Minor Penalty to Patrik Nemeth for Holding.
5:09 of 1st period - Kyle Palmieri wins face-off versus Jean-Gabriel Pageau in SAN DIEGO THUNDER zone.
5:24 of 1st period - Shot by J.T. Compher.
5:24 of 1st period - Shot Blocked by Connor Murphy.
5:44 of 1st period - Icing by Ben Hutton.
5:45 of 1st period - Logan Couture wins face-off versus Derek Stepan in LONG BEACH BARACUDAS zone.
5:45 of 1st period - Logan Couture is hit by Michael Del Zotto.
7:18 of 1st period - Shot by Steven Stamkos.
7:18 of 1st period - Goal by Steven Stamkos - LONG BEACH BARACUDAS : 1 - SAN DIEGO THUNDER : 0.
7:19 of 1st period - Mark Scheifele wins face-off versus Steven Stamkos in neutral zone.
7:26 of 1st period - Shot by Mark Scheifele.
7:26 of 1st period - Stopped by Jonathan Quick without a rebound.
7:27 of 1st period - Brock Nelson wins face-off versus Mark Scheifele in LONG BEACH BARACUDAS zone.
8:43 of 1st period - Shot by Marcus Foligno.
8:43 of 1st period - Stopped by Jonathan Quick without a rebound.
8:44 of 1st period - Logan Couture wins face-off versus Kyle Palmieri in LONG BEACH BARACUDAS zone.
8:47 of 1st period - Shot by Ilya Mikheyev.
8:47 of 1st period - Shot Misses the Net.
8:49 of 1st period - Shot by Patrik Nemeth.
8:49 of 1st period - Shot Misses the Net.
9:21 of 1st period - Logan Couture is hit by Jordie Benn and loses puck.
9:27 of 1st period - Minor Penalty to Brandon Montour for High sticking.
9:28 of 1st period - Derek Stepan wins face-off versus Mark Scheifele in LONG BEACH BARACUDAS zone.
11:13 of 1st period - Shot by Nikita Kucherov.
11:13 of 1st period - Stopped by Jonathan Quick with a rebound.
11:38 of 1st period - Shot by Ryan Hartman.
11:38 of 1st period - Shot Blocked by Michael Del Zotto.
11:58 of 1st period - Icing by Pierre-Edouard Bellemare.
11:59 of 1st period - Pierre-Edouard Bellemare wins face-off versus Jean-Gabriel Pageau in LONG BEACH BARACUDAS zone.
12:08 of 1st period - Michael Del Zotto is hit by Marcus Foligno and loses puck.
13:16 of 1st period - Erik Johnson is hit by Michael Del Zotto and loses puck.
13:23 of 1st period - Ryan Hartman is hit by Andreas Johnsson and loses puck.
13:32 of 1st period - Minor Penalty to Mark Borowiecki for Charging.
13:33 of 1st period - Derek Stepan wins face-off versus Logan Couture in SAN DIEGO THUNDER zone.
13:36 of 1st period - Shot by Kyle Palmieri.
13:36 of 1st period - Shot Blocked by Connor Murphy.
13:38 of 1st period - Shot by J.T. Compher.
13:38 of 1st period - Goal by J.T. Compher - LONG BEACH BARACUDAS : 2 - SAN DIEGO THUNDER : 0.
13:39 of 1st period - Steven Stamkos wins face-off versus Mark Scheifele in neutral zone.
14:17 of 1st period - Mark Scheifele is hit by Brandon Montour and loses puck.
14:20 of 1st period - Shot by Connor Murphy.
14:20 of 1st period - Stopped by Jonathan Quick without a rebound.
14:21 of 1st period - Logan Couture wins face-off versus Jaden Schwartz in LONG BEACH BARACUDAS zone.
14:21 of 1st period - Ilya Mikheyev is hit by Ron Hainsey and loses puck.
14:38 of 1st period - Shot by Brock Nelson.
14:38 of 1st period - Shot Misses the Net.
14:40 of 1st period - Shot by Jaden Schwartz.
14:40 of 1st period - Stopped by Connor Hellebuyck without a rebound.
14:41 of 1st period - Mark Scheifele wins face-off versus Derek Stepan in SAN DIEGO THUNDER zone.
15:18 of 1st period - Shot by Nikita Kucherov.
15:18 of 1st period - Stopped by Jonathan Quick without a rebound.
15:19 of 1st period - Steven Stamkos wins face-off versus Logan Couture in LONG BEACH BARACUDAS zone.
15:42 of 1st period - Shot by Taylor Hall.
15:42 of 1st period - Stopped by Connor Hellebuyck with a rebound.
17:06 of 1st period - Shot by J.T. Compher.
17:06 of 1st period - Shot Misses the Net.
17:40 of 1st period - Shot by Derek Stepan.
17:40 of 1st period - Shot Misses the Net.
17:58 of 1st period - Shot by Taylor Hall.
17:58 of 1st period - Stopped by Connor Hellebuyck without a rebound.
17:59 of 1st period - Steven Stamkos wins face-off versus Ilya Mikheyev in SAN DIEGO THUNDER zone.
18:15 of 1st period - Icing by Kyle Palmieri.
18:16 of 1st period - Jay Beagle wins face-off versus Steven Stamkos in LONG BEACH BARACUDAS zone.
19:28 of 1st period - Shot by Reyley Smith.
19:28 of 1st period - Stopped by Connor Hellebuyck without a rebound.
19:29 of 1st period - Derek Stepan wins face-off versus Logan Couture in SAN DIEGO THUNDER zone.
19:40 of 1st period - Shot by J.T. Compher.
19:40 of 1st period - Shot Misses the Net.
19:56 of 1st period - Shot by Derek Stepan.
19:56 of 1st period - Stopped by Connor Hellebuyck without a rebound.
19:57 of 1st period - Mark Scheifele wins face-off versus Brock Nelson in SAN DIEGO THUNDER zone.
19:57 of 1st period - Mark Scheifele is hit by Reyley Smith.
Goals for this period are 2 for LONG BEACH BARACUDAS vs 0 for SAN DIEGO THUNDER.
Shots for this period are 9 for LONG BEACH BARACUDAS vs 5 for SAN DIEGO THUNDER.

2nd period


0:01 of 2nd period - Steven Stamkos wins face-off versus Mark Scheifele in neutral zone.
0:10 of 2nd period - Shot by David Perron.
0:10 of 2nd period - Shot Blocked by Steven Stamkos.
0:35 of 2nd period - Icing by Ron Hainsey.
0:36 of 2nd period - Jean-Gabriel Pageau wins face-off versus Steven Stamkos in LONG BEACH BARACUDAS zone.
1:08 of 2nd period - Michael Del Zotto is hit by Marcus Foligno and loses puck.
1:16 of 2nd period - Jaden Schwartz is hit by Mark Borowiecki and loses puck.
1:23 of 2nd period - Shot by Jaden Schwartz.
1:23 of 2nd period - Shot Blocked by Mark Borowiecki.
1:25 of 2nd period - Shot by Jaden Schwartz.
1:25 of 2nd period - Stopped by Connor Hellebuyck without a rebound.
1:26 of 2nd period - Pierre-Edouard Bellemare wins face-off versus Mark Scheifele in SAN DIEGO THUNDER zone.
1:59 of 2nd period - Shot by Nikita Kucherov.
1:59 of 2nd period - Stopped by Jonathan Quick without a rebound.
2:00 of 2nd period - Brock Nelson wins face-off versus Logan Couture in LONG BEACH BARACUDAS zone.
3:09 of 2nd period - Shot by David Perron.
3:09 of 2nd period - Stopped by Jonathan Quick with a rebound.
3:40 of 2nd period - Taylor Hall is hit by Charles McAvoy.
5:11 of 2nd period - Derek Stepan is hit by Jean-Gabriel Pageau and loses puck.
6:24 of 2nd period - Ilya Mikheyev is hit by Michael Del Zotto and loses puck.
9:00 of 2nd period - Shot by Nikita Kucherov.
9:00 of 2nd period - Stopped by Jonathan Quick with a rebound.
9:02 of 2nd period - Shot by Mark Borowiecki.
9:02 of 2nd period - Shot Hit the Post.
9:12 of 2nd period - Shot by David Perron.
9:12 of 2nd period - Shot Blocked by Ben Hutton.
9:37 of 2nd period - Off-side.
9:38 of 2nd period - Brock Nelson wins face-off versus Jean-Gabriel Pageau in neutral zone.
10:07 of 2nd period - Shot by David Perron.
10:07 of 2nd period - Stopped by Jonathan Quick without a rebound.
10:08 of 2nd period - Steven Stamkos wins face-off versus Jay Beagle in LONG BEACH BARACUDAS zone.
10:08 of 2nd period - Steven Stamkos is hit by Jay Beagle.
10:16 of 2nd period - Ryan Hartman is hit by Kyle Palmieri and loses puck.
10:25 of 2nd period - Shot by Kyle Palmieri.
10:25 of 2nd period - Deflect By Taylor Hall.
10:25 of 2nd period - Stopped by Connor Hellebuyck without a rebound.
10:26 of 2nd period - Logan Couture wins face-off versus Brock Nelson in SAN DIEGO THUNDER zone.
11:00 of 2nd period - Shot by Logan Couture.
11:00 of 2nd period - Shot Misses the Net.
11:02 of 2nd period - Shot by Charles McAvoy.
11:02 of 2nd period - Shot Misses the Net.
11:15 of 2nd period - Reyley Smith is hit by David Perron and loses puck.
11:39 of 2nd period - Shot by Mark Scheifele.
11:39 of 2nd period - Stopped by Jonathan Quick without a rebound.
11:40 of 2nd period - Jean-Gabriel Pageau wins face-off versus Steven Stamkos in LONG BEACH BARACUDAS zone.
12:03 of 2nd period - Shot by Steven Stamkos.
12:03 of 2nd period - Stopped by Connor Hellebuyck with a rebound.
13:07 of 2nd period - Pierre-Edouard Bellemare is hit by David Perron and loses puck.
13:21 of 2nd period - Ilya Mikheyev is hit by Jordie Benn and loses puck.
13:32 of 2nd period - Shot by Ilya Mikheyev.
13:32 of 2nd period - Shot Blocked by Brandon Montour.
14:24 of 2nd period - Shot by Ryan Hartman.
14:24 of 2nd period - Shot Misses the Net.
14:30 of 2nd period - Shot by Ryan Hartman.
14:30 of 2nd period - Shot Hit the Post.
14:32 of 2nd period - Shot by Deryk Engelland.
14:32 of 2nd period - Shot Misses the Net.
14:34 of 2nd period - Shot by Ryan Hartman.
14:34 of 2nd period - Shot Misses the Net.
15:26 of 2nd period - Shot by David Perron.
15:26 of 2nd period - Shot Misses the Net.
15:28 of 2nd period - Shot by Mark Scheifele.
15:28 of 2nd period - Deflect By Nikita Kucherov.
15:28 of 2nd period - Shot Blocked by Alex Pietrangelo.
15:42 of 2nd period - Shot by Evander Kane.
15:42 of 2nd period - Stopped by Jonathan Quick without a rebound.
15:43 of 2nd period - Steven Stamkos wins face-off versus Jean-Gabriel Pageau in LONG BEACH BARACUDAS zone.
17:12 of 2nd period - Shot by Logan Couture.
17:12 of 2nd period - Goal by Logan Couture - LONG BEACH BARACUDAS : 2 - SAN DIEGO THUNDER : 1.
17:13 of 2nd period - Brock Nelson wins face-off versus Mark Scheifele in neutral zone.
17:17 of 2nd period - Minor Penalty to Connor Murphy for High sticking.
17:18 of 2nd period - Derek Stepan wins face-off versus Logan Couture in SAN DIEGO THUNDER zone.
18:39 of 2nd period - Icing by J.T. Compher.
18:40 of 2nd period - Derek Stepan wins face-off versus Logan Couture in LONG BEACH BARACUDAS zone.
19:31 of 2nd period - Shot by David Perron.
19:31 of 2nd period - Shot Misses the Net.
19:33 of 2nd period - Shot by Deryk Engelland.
19:33 of 2nd period - Shot Blocked by Ron Hainsey.
19:37 of 2nd period - Shot by Nikita Kucherov.
19:37 of 2nd period - Deflect By David Perron.
19:37 of 2nd period - Stopped by Jonathan Quick with a rebound.
19:39 of 2nd period - Shot by Patrik Nemeth.
19:39 of 2nd period - Stopped by Jonathan Quick without a rebound.
19:40 of 2nd period - Brock Nelson wins face-off versus Logan Couture in LONG BEACH BARACUDAS zone.
19:40 of 2nd period - Brock Nelson is hit by Evander Kane.
Goals for this period are 0 for LONG BEACH BARACUDAS vs 1 for SAN DIEGO THUNDER.
Shots for this period are 3 for LONG BEACH BARACUDAS vs 9 for SAN DIEGO THUNDER.

3rd period


0:01 of 3rd period - Steven Stamkos wins face-off versus Jean-Gabriel Pageau in neutral zone.
0:31 of 3rd period - Shot by Ryan Hartman.
0:31 of 3rd period - Shot Misses the Net.
0:44 of 3rd period - Off-side.
0:45 of 3rd period - Brock Nelson wins face-off versus Logan Couture in neutral zone.
0:56 of 3rd period - Icing by Mark Borowiecki.
0:57 of 3rd period - Logan Couture wins face-off versus Derek Stepan in SAN DIEGO THUNDER zone.
0:57 of 3rd period - Logan Couture is hit by Andreas Johnsson.
1:32 of 3rd period - Off-side.
1:33 of 3rd period - Mark Scheifele wins face-off versus Steven Stamkos in neutral zone.
1:33 of 3rd period - Mark Scheifele is hit by Kyle Palmieri.
1:53 of 3rd period - Minor Penalty to Steven Stamkos for Hooking.
1:54 of 3rd period - Jean-Gabriel Pageau wins face-off versus Derek Stepan in LONG BEACH BARACUDAS zone.
2:15 of 3rd period - Shot by Ilya Mikheyev.
2:15 of 3rd period - Goal by Ilya Mikheyev - LONG BEACH BARACUDAS : 2 - SAN DIEGO THUNDER : 2.
2:16 of 3rd period - Jay Beagle wins face-off versus Brock Nelson in neutral zone.
2:24 of 3rd period - Icing by Reyley Smith.
2:25 of 3rd period - Jean-Gabriel Pageau wins face-off versus Brock Nelson in LONG BEACH BARACUDAS zone.
3:38 of 3rd period - Shot by Kyle Palmieri.
3:38 of 3rd period - Shot Misses the Net.
4:15 of 3rd period - Icing by Alex Pietrangelo.
4:16 of 3rd period - Steven Stamkos wins face-off versus Evander Kane in LONG BEACH BARACUDAS zone.
5:10 of 3rd period - Off-side.
5:11 of 3rd period - Reyley Smith wins face-off versus Jean-Gabriel Pageau in neutral zone.
5:25 of 3rd period - Shot by Jean-Gabriel Pageau.
5:25 of 3rd period - Shot Misses the Net.
5:27 of 3rd period - Shot by Marcus Foligno.
5:27 of 3rd period - Stopped by Jonathan Quick with a rebound.
5:29 of 3rd period - Shot by Jean-Gabriel Pageau.
5:29 of 3rd period - Stopped by Jonathan Quick with a rebound.
5:41 of 3rd period - Shot by Rasmus Dahlin.
5:41 of 3rd period - Shot Misses the Net.
7:16 of 3rd period - Shot by David Perron.
7:16 of 3rd period - Stopped by Jonathan Quick without a rebound.
7:17 of 3rd period - Steven Stamkos wins face-off versus Logan Couture in LONG BEACH BARACUDAS zone.
7:43 of 3rd period - Steven Stamkos is hit by Deryk Engelland and loses puck.
7:57 of 3rd period - Minor Penalty to Evander Kane for Hooking.
7:58 of 3rd period - Jean-Gabriel Pageau wins face-off versus Brock Nelson in SAN DIEGO THUNDER zone.
8:32 of 3rd period - Shot by Andreas Johnsson.
8:32 of 3rd period - Stopped by Connor Hellebuyck without a rebound.
8:33 of 3rd period - Logan Couture wins face-off versus Kyle Palmieri in SAN DIEGO THUNDER zone.
8:56 of 3rd period - Shot by Ryan Hartman.
8:56 of 3rd period - Stopped by Jonathan Quick without a rebound.
8:57 of 3rd period - Logan Couture wins face-off versus Derek Stepan in LONG BEACH BARACUDAS zone.
10:18 of 3rd period - Brock Nelson is hit by Deryk Engelland and loses puck.
10:22 of 3rd period - Reyley Smith is hit by Deryk Engelland and loses puck.
10:26 of 3rd period - Brock Nelson is hit by Deryk Engelland and loses puck.
10:40 of 3rd period - Icing by Deryk Engelland.
10:41 of 3rd period - Steven Stamkos wins face-off versus Mark Scheifele in SAN DIEGO THUNDER zone.
10:47 of 3rd period - Minor Penalty to Deryk Engelland for Tripping.
10:48 of 3rd period - Jean-Gabriel Pageau wins face-off versus Derek Stepan in SAN DIEGO THUNDER zone.
10:48 of 3rd period - Jean-Gabriel Pageau is hit by J.T. Compher.
11:50 of 3rd period - Shot by Loui Eriksson.
11:50 of 3rd period - Shot Blocked by Erik Johnson.
11:52 of 3rd period - Shot by Andreas Johnsson.
11:52 of 3rd period - Shot Blocked by Erik Johnson.
12:04 of 3rd period - Shot by Brock Nelson.
12:04 of 3rd period - Stopped by Connor Hellebuyck without a rebound.
12:05 of 3rd period - Logan Couture wins face-off versus Derek Stepan in SAN DIEGO THUNDER zone.
13:20 of 3rd period - Shot by Mark Scheifele.
13:20 of 3rd period - Shot Misses the Net.
13:26 of 3rd period - Shot by Nikita Kucherov.
13:26 of 3rd period - Stopped by Jonathan Quick without a rebound.
13:27 of 3rd period - Logan Couture wins face-off versus Pierre-Edouard Bellemare in LONG BEACH BARACUDAS zone.
13:28 of 3rd period - Shot by Evander Kane.
13:28 of 3rd period - Shot Misses the Net.
14:07 of 3rd period - Shot by Logan Couture.
14:07 of 3rd period - Shot Misses the Net.
14:27 of 3rd period - Icing by Pierre-Edouard Bellemare.
14:28 of 3rd period - Jean-Gabriel Pageau wins face-off versus Pierre-Edouard Bellemare in LONG BEACH BARACUDAS zone.
14:59 of 3rd period - Shot by Taylor Hall.
14:59 of 3rd period - Shot Blocked by Erik Johnson.
15:21 of 3rd period - Shot by Mark Scheifele.
15:21 of 3rd period - Shot Blocked by Steven Stamkos.
15:57 of 3rd period - Icing by Mark Scheifele.
15:58 of 3rd period - Mark Scheifele wins face-off versus Reyley Smith in SAN DIEGO THUNDER zone.
16:10 of 3rd period - Jaden Schwartz is hit by Mark Scheifele and loses puck.
16:14 of 3rd period - Off-side.
16:15 of 3rd period - Logan Couture wins face-off versus J.T. Compher in neutral zone.
16:28 of 3rd period - Shot by Evander Kane.
16:28 of 3rd period - Shot Blocked by Jordie Benn.
16:28 of 3rd period - Jordie Benn from LONG BEACH BARACUDAS is injured at 16:28 of 3rd period (Torso).
16:29 of 3rd period - Brock Nelson wins face-off versus Jean-Gabriel Pageau in LONG BEACH BARACUDAS zone.
16:38 of 3rd period - Shot by Reyley Smith.
16:38 of 3rd period - Stopped by Connor Hellebuyck without a rebound.
16:39 of 3rd period - Steven Stamkos wins face-off versus Logan Couture in SAN DIEGO THUNDER zone.
16:42 of 3rd period - Shot by Taylor Hall.
16:42 of 3rd period - Shot Blocked by Erik Johnson.
16:45 of 3rd period - Icing by Erik Johnson.
16:46 of 3rd period - Logan Couture wins face-off versus Steven Stamkos in SAN DIEGO THUNDER zone.
17:26 of 3rd period - Shot by Logan Couture.
17:26 of 3rd period - Shot Misses the Net.
17:32 of 3rd period - Shot by Logan Couture.
17:32 of 3rd period - Stopped by Jonathan Quick without a rebound.
17:33 of 3rd period - Brock Nelson wins face-off versus Mark Scheifele in LONG BEACH BARACUDAS zone.
17:40 of 3rd period - Shot by Reyley Smith.
17:40 of 3rd period - Shot Misses the Net.
17:46 of 3rd period - Shot by Jaden Schwartz.
17:46 of 3rd period - Shot Blocked by Connor Murphy.
17:48 of 3rd period - Shot by Brock Nelson.
17:48 of 3rd period - Shot Misses the Net.
17:50 of 3rd period - Shot by Reyley Smith.
17:50 of 3rd period - Shot Blocked by Nikita Kucherov.
18:02 of 3rd period - Shot by Reyley Smith.
18:02 of 3rd period - Shot Misses the Net.
18:10 of 3rd period - Shot by Reyley Smith.
18:10 of 3rd period - Stopped by Connor Hellebuyck with a rebound.
18:18 of 3rd period - Shot by Reyley Smith.
18:18 of 3rd period - Deflect By Brock Nelson.
18:18 of 3rd period - Shot Misses the Net.
18:20 of 3rd period - Shot by Reyley Smith.
18:20 of 3rd period - Stopped by Connor Hellebuyck without a rebound.
18:21 of 3rd period - Jean-Gabriel Pageau wins face-off versus Steven Stamkos in SAN DIEGO THUNDER zone.
18:50 of 3rd period - Shot by Taylor Hall.
18:50 of 3rd period - Stopped by Connor Hellebuyck without a rebound.
18:51 of 3rd period - Derek Stepan wins face-off versus Logan Couture in SAN DIEGO THUNDER zone.
Goals for this period are 0 for LONG BEACH BARACUDAS vs 1 for SAN DIEGO THUNDER.
Shots for this period are 6 for LONG BEACH BARACUDAS vs 7 for SAN DIEGO THUNDER.

Overtime #1


0:01 of 1st overtime period - Logan Couture wins face-off versus Steven Stamkos in neutral zone.
0:31 of 1st overtime period - Shot by Steven Stamkos.
0:31 of 1st overtime period - Stopped by Connor Hellebuyck without a rebound.
0:32 of 1st overtime period - Brock Nelson wins face-off versus Mark Scheifele in SAN DIEGO THUNDER zone.
0:33 of 1st overtime period - Shot by Jaden Schwartz.
0:33 of 1st overtime period - Stopped by Connor Hellebuyck without a rebound.
0:34 of 1st overtime period - Brock Nelson wins face-off versus Mark Scheifele in SAN DIEGO THUNDER zone.
0:34 of 1st overtime period - Jaden Schwartz is hit by Mark Borowiecki and loses puck.
0:49 of 1st overtime period - Shot by Nikita Kucherov.
0:49 of 1st overtime period - Stopped by Jonathan Quick without a rebound.
0:50 of 1st overtime period - Logan Couture wins face-off versus Steven Stamkos in LONG BEACH BARACUDAS zone.
1:20 of 1st overtime period - Icing by Connor Murphy.
1:21 of 1st overtime period - Brock Nelson wins face-off versus Logan Couture in SAN DIEGO THUNDER zone.
1:22 of 1st overtime period - Shot by Jaden Schwartz.
1:22 of 1st overtime period - Stopped by Connor Hellebuyck without a rebound.
1:23 of 1st overtime period - Brock Nelson wins face-off versus Mark Scheifele in SAN DIEGO THUNDER zone.
1:32 of 1st overtime period - Shot by Reyley Smith.
1:32 of 1st overtime period - Deflect By Jaden Schwartz.
1:32 of 1st overtime period - Stopped by Connor Hellebuyck without a rebound.
1:33 of 1st overtime period - Mark Scheifele wins face-off versus Steven Stamkos in SAN DIEGO THUNDER zone.
3:02 of 1st overtime period - Off-side.
3:03 of 1st overtime period - Derek Stepan wins face-off versus Logan Couture in neutral zone.
3:05 of 1st overtime period - Off-side.
3:06 of 1st overtime period - Logan Couture wins face-off versus Derek Stepan in neutral zone.
3:15 of 1st overtime period - Shot by Ilya Mikheyev.
3:15 of 1st overtime period - Stopped by Jonathan Quick without a rebound.
3:16 of 1st overtime period - Brock Nelson wins face-off versus Mark Scheifele in LONG BEACH BARACUDAS zone.
3:29 of 1st overtime period - Shot by Brock Nelson.
3:29 of 1st overtime period - Shot Misses the Net.
3:31 of 1st overtime period - Shot by Reyley Smith.
3:31 of 1st overtime period - Shot Misses the Net.
3:33 of 1st overtime period - Shot by Brock Nelson.
3:33 of 1st overtime period - Stopped by Connor Hellebuyck without a rebound.
3:34 of 1st overtime period - Logan Couture wins face-off versus Steven Stamkos in SAN DIEGO THUNDER zone.
4:51 of 1st overtime period - Shot by Jean-Gabriel Pageau.
4:51 of 1st overtime period - Stopped by Jonathan Quick without a rebound.
4:52 of 1st overtime period - Derek Stepan wins face-off versus Mark Scheifele in LONG BEACH BARACUDAS zone.
4:54 of 1st overtime period - Icing by Andreas Johnsson.
4:55 of 1st overtime period - Mark Scheifele wins face-off versus Derek Stepan in LONG BEACH BARACUDAS zone.
4:58 of 1st overtime period - Shot by Nikita Kucherov.
4:58 of 1st overtime period - Stopped by Jonathan Quick without a rebound.
4:59 of 1st overtime period - Brock Nelson wins face-off versus Mark Scheifele in LONG BEACH BARACUDAS zone.
5:14 of 1st overtime period - Shot by Mark Scheifele.
5:14 of 1st overtime period - Stopped by Jonathan Quick with a rebound.
5:34 of 1st overtime period - Shot by Mark Scheifele.
5:34 of 1st overtime period - Stopped by Jonathan Quick without a rebound.
5:35 of 1st overtime period - Steven Stamkos wins face-off versus Logan Couture in LONG BEACH BARACUDAS zone.
6:14 of 1st overtime period - Shot by Taylor Hall.
6:14 of 1st overtime period - Stopped by Connor Hellebuyck without a rebound.
6:15 of 1st overtime period - Brock Nelson wins face-off versus Jean-Gabriel Pageau in SAN DIEGO THUNDER zone.
6:16 of 1st overtime period - Shot by Reyley Smith.
6:16 of 1st overtime period - Stopped by Connor Hellebuyck with a rebound.
6:25 of 1st overtime period - Icing by Charles McAvoy.
6:26 of 1st overtime period - Brock Nelson wins face-off versus Jean-Gabriel Pageau in SAN DIEGO THUNDER zone.
6:26 of 1st overtime period - Brock Nelson is hit by Charles McAvoy.
6:30 of 1st overtime period - Shot by Brock Nelson.
6:30 of 1st overtime period - Stopped by Connor Hellebuyck with a rebound.
6:42 of 1st overtime period - Shot by Reyley Smith.
6:42 of 1st overtime period - Shot Misses the Net.
7:19 of 1st overtime period - Off-side.
7:20 of 1st overtime period - Steven Stamkos wins face-off versus Mark Scheifele in neutral zone.
8:03 of 1st overtime period - Shot by Steven Stamkos.
8:03 of 1st overtime period - Stopped by Connor Hellebuyck without a rebound.
8:04 of 1st overtime period - Derek Stepan wins face-off versus Logan Couture in SAN DIEGO THUNDER zone.
8:07 of 1st overtime period - Shot by Andreas Johnsson.
8:07 of 1st overtime period - Shot Misses the Net.
8:35 of 1st overtime period - Off-side.
8:36 of 1st overtime period - Brock Nelson wins face-off versus Jean-Gabriel Pageau in neutral zone.
8:39 of 1st overtime period - Shot by Brock Nelson.
8:39 of 1st overtime period - Shot Misses the Net.
8:41 of 1st overtime period - Shot by Michael Del Zotto.
8:41 of 1st overtime period - Shot Misses the Net.
8:49 of 1st overtime period - Shot by Jaden Schwartz.
8:49 of 1st overtime period - Shot Blocked by Ryan Hartman.
8:51 of 1st overtime period - Shot by Reyley Smith.
8:51 of 1st overtime period - Stopped by Connor Hellebuyck without a rebound.
8:52 of 1st overtime period - Steven Stamkos wins face-off versus Mark Scheifele in SAN DIEGO THUNDER zone.
9:20 of 1st overtime period - Shot by David Perron.
9:20 of 1st overtime period - Stopped by Jonathan Quick without a rebound.
9:21 of 1st overtime period - Brock Nelson wins face-off versus Logan Couture in LONG BEACH BARACUDAS zone.
10:16 of 1st overtime period - Icing by Logan Couture.
10:17 of 1st overtime period - Steven Stamkos wins face-off versus Logan Couture in SAN DIEGO THUNDER zone.
10:42 of 1st overtime period - Shot by Steven Stamkos.
10:42 of 1st overtime period - Stopped by Connor Hellebuyck without a rebound.
10:43 of 1st overtime period - Derek Stepan wins face-off versus Mark Scheifele in SAN DIEGO THUNDER zone.
10:52 of 1st overtime period - Shot by Andreas Johnsson.
10:52 of 1st overtime period - Shot Misses the Net.
10:55 of 1st overtime period - Icing by Nikita Kucherov.
10:56 of 1st overtime period - Mark Scheifele wins face-off versus Kyle Palmieri in SAN DIEGO THUNDER zone.
11:00 of 1st overtime period - Mark Scheifele is hit by Taylor Hall and loses puck.
11:14 of 1st overtime period - Icing by Charles McAvoy.
11:15 of 1st overtime period - Mark Scheifele wins face-off versus Brock Nelson in SAN DIEGO THUNDER zone.
11:29 of 1st overtime period - Icing by Reyley Smith.
11:30 of 1st overtime period - Brock Nelson wins face-off versus Marcus Foligno in LONG BEACH BARACUDAS zone.
11:30 of 1st overtime period - Reyley Smith is hit by Marcus Foligno and loses puck.
11:40 of 1st overtime period - Reyley Smith is hit by Deryk Engelland and loses puck.
12:12 of 1st overtime period - Jaden Schwartz is hit by Deryk Engelland and loses puck.
13:01 of 1st overtime period - Shot by Alex Pietrangelo.
13:01 of 1st overtime period - Shot Misses the Net.
13:05 of 1st overtime period - Shot by Kyle Palmieri.
13:05 of 1st overtime period - Stopped by Connor Hellebuyck with a rebound.
14:03 of 1st overtime period - Shot by Ilya Mikheyev.
14:03 of 1st overtime period - Shot Misses the Net.
14:51 of 1st overtime period - Shot by Brock Nelson.
14:51 of 1st overtime period - Shot Blocked by Erik Johnson.
15:04 of 1st overtime period - Icing by Mark Borowiecki.
15:05 of 1st overtime period - Logan Couture wins face-off versus Steven Stamkos in SAN DIEGO THUNDER zone.
15:34 of 1st overtime period - Steven Stamkos is hit by Deryk Engelland and loses puck.
15:37 of 1st overtime period - Shot by Alex Pietrangelo.
15:37 of 1st overtime period - Shot Blocked by Deryk Engelland.
15:57 of 1st overtime period - Minor Penalty to Deryk Engelland for Boarding.
15:58 of 1st overtime period - Jean-Gabriel Pageau wins face-off versus Brock Nelson in SAN DIEGO THUNDER zone.
16:19 of 1st overtime period - Shot by Loui Eriksson.
16:19 of 1st overtime period - Shot Blocked by Connor Murphy.
16:21 of 1st overtime period - Shot by Michael Del Zotto.
16:21 of 1st overtime period - Stopped by Connor Hellebuyck without a rebound.
16:22 of 1st overtime period - Derek Stepan wins face-off versus Jean-Gabriel Pageau in SAN DIEGO THUNDER zone.
17:34 of 1st overtime period - Icing by Loui Eriksson.
17:35 of 1st overtime period - Logan Couture wins face-off versus Brock Nelson in LONG BEACH BARACUDAS zone.
17:38 of 1st overtime period - Shot by Marcus Foligno.
17:38 of 1st overtime period - Deflect By Logan Couture.
17:38 of 1st overtime period - Shot Blocked by Michael Del Zotto.
18:11 of 1st overtime period - Off-side.
18:12 of 1st overtime period - Mark Scheifele wins face-off versus Brock Nelson in neutral zone.
18:41 of 1st overtime period - Shot by Nikita Kucherov.
18:41 of 1st overtime period - Stopped by Jonathan Quick without a rebound.
18:42 of 1st overtime period - Steven Stamkos wins face-off versus Ilya Mikheyev in LONG BEACH BARACUDAS zone.
19:19 of 1st overtime period - Shot by Evander Kane.
19:19 of 1st overtime period - Shot Blocked by Alex Pietrangelo.
19:40 of 1st overtime period - Shot by David Perron.
19:40 of 1st overtime period - Shot Misses the Net.
Goals for this period are 0 for LONG BEACH BARACUDAS vs 0 for SAN DIEGO THUNDER.
Shots for this period are 13 for LONG BEACH BARACUDAS vs 8 for SAN DIEGO THUNDER.

Overtime #2


0:01 of 2nd overtime period - Steven Stamkos wins face-off versus Jean-Gabriel Pageau in neutral zone.
0:13 of 2nd overtime period - Jean-Gabriel Pageau is hit by Ron Hainsey and loses puck.
1:55 of 2nd overtime period - Minor Penalty to Deryk Engelland for Tripping.
1:56 of 2nd overtime period - Jean-Gabriel Pageau wins face-off versus Brock Nelson in SAN DIEGO THUNDER zone.
2:25 of 2nd overtime period - Shot by Andreas Johnsson.
2:25 of 2nd overtime period - Shot Misses the Net.
2:27 of 2nd overtime period - Shot by Brock Nelson.
2:27 of 2nd overtime period - Stopped by Connor Hellebuyck with a rebound.
2:29 of 2nd overtime period - Shot by Ben Hutton.
2:29 of 2nd overtime period - Stopped by Connor Hellebuyck without a rebound.
2:30 of 2nd overtime period - Reyley Smith wins face-off versus Logan Couture in SAN DIEGO THUNDER zone.
2:58 of 2nd overtime period - Shot by Derek Stepan.
2:58 of 2nd overtime period - Stopped by Connor Hellebuyck without a rebound.
2:59 of 2nd overtime period - Brock Nelson wins face-off versus Logan Couture in SAN DIEGO THUNDER zone.
3:16 of 2nd overtime period - Shot by Brock Nelson.
3:16 of 2nd overtime period - Shot Misses the Net.
3:27 of 2nd overtime period - Icing by Brock Nelson.
3:28 of 2nd overtime period - Jean-Gabriel Pageau wins face-off versus Brock Nelson in LONG BEACH BARACUDAS zone.
3:28 of 2nd overtime period - Ryan Hartman is hit by Alex Pietrangelo and loses puck.
3:41 of 2nd overtime period - Shot by Andreas Johnsson.
3:41 of 2nd overtime period - Stopped by Connor Hellebuyck without a rebound.
3:42 of 2nd overtime period - Jean-Gabriel Pageau wins face-off versus Derek Stepan in SAN DIEGO THUNDER zone.
3:59 of 2nd overtime period - Shot by Derek Stepan.
3:59 of 2nd overtime period - Deflect By Reyley Smith.
3:59 of 2nd overtime period - Shot Misses the Net.
4:32 of 2nd overtime period - Icing by Ron Hainsey.
4:33 of 2nd overtime period - Mark Scheifele wins face-off versus Brock Nelson in LONG BEACH BARACUDAS zone.
4:39 of 2nd overtime period - David Perron is hit by Ron Hainsey and loses puck.
5:35 of 2nd overtime period - Marcus Foligno is hit by Michael Del Zotto and loses puck.
5:48 of 2nd overtime period - Shot by Ryan Hartman.
5:48 of 2nd overtime period - Shot Blocked by Michael Del Zotto.
5:50 of 2nd overtime period - Shot by Ryan Hartman.
5:50 of 2nd overtime period - Shot Misses the Net.
6:04 of 2nd overtime period - Shot by Ryan Hartman.
6:04 of 2nd overtime period - Stopped by Jonathan Quick without a rebound.
6:05 of 2nd overtime period - Derek Stepan wins face-off versus Logan Couture in LONG BEACH BARACUDAS zone.
6:18 of 2nd overtime period - Icing by Deryk Engelland.
6:19 of 2nd overtime period - Brock Nelson wins face-off versus Ilya Mikheyev in SAN DIEGO THUNDER zone.
8:28 of 2nd overtime period - Off-side.
8:29 of 2nd overtime period - Pierre-Edouard Bellemare wins face-off versus Jean-Gabriel Pageau in neutral zone.
8:44 of 2nd overtime period - Shot by Jean-Gabriel Pageau.
8:44 of 2nd overtime period - Shot Misses the Net.
9:42 of 2nd overtime period - Shot by Steven Stamkos.
9:42 of 2nd overtime period - Stopped by Connor Hellebuyck with a rebound.
9:44 of 2nd overtime period - Shot by Steven Stamkos.
9:44 of 2nd overtime period - Stopped by Connor Hellebuyck without a rebound.
9:45 of 2nd overtime period - Brock Nelson wins face-off versus Jay Beagle in SAN DIEGO THUNDER zone.
10:51 of 2nd overtime period - Off-side.
10:52 of 2nd overtime period - Derek Stepan wins face-off versus Mark Scheifele in neutral zone.
10:59 of 2nd overtime period - Shot by Derek Stepan.
10:59 of 2nd overtime period - Stopped by Connor Hellebuyck with a rebound.
11:06 of 2nd overtime period - Icing by Erik Johnson.
11:07 of 2nd overtime period - Mark Scheifele wins face-off versus Steven Stamkos in SAN DIEGO THUNDER zone.
12:10 of 2nd overtime period - Shot by Brock Nelson.
12:10 of 2nd overtime period - Stopped by Connor Hellebuyck without a rebound.
12:11 of 2nd overtime period - Jean-Gabriel Pageau wins face-off versus Derek Stepan in SAN DIEGO THUNDER zone.
12:27 of 2nd overtime period - Shot by Jean-Gabriel Pageau.
12:27 of 2nd overtime period - Deflect By Ryan Hartman.
12:27 of 2nd overtime period - Shot Misses the Net.
12:29 of 2nd overtime period - Shot by Marcus Foligno.
12:29 of 2nd overtime period - Shot Hit the Post.
12:40 of 2nd overtime period - Off-side.
12:41 of 2nd overtime period - Steven Stamkos wins face-off versus Mark Scheifele in neutral zone.
12:51 of 2nd overtime period - Shot by Taylor Hall.
12:51 of 2nd overtime period - Stopped by Connor Hellebuyck without a rebound.
12:52 of 2nd overtime period - Logan Couture wins face-off versus Brock Nelson in SAN DIEGO THUNDER zone.
13:13 of 2nd overtime period - Shot by Logan Couture.
13:13 of 2nd overtime period - Stopped by Jonathan Quick with a rebound.
13:15 of 2nd overtime period - Shot by Ilya Mikheyev.
13:15 of 2nd overtime period - Stopped by Jonathan Quick without a rebound.
13:16 of 2nd overtime period - Kyle Palmieri wins face-off versus Mark Scheifele in LONG BEACH BARACUDAS zone.
13:59 of 2nd overtime period - David Perron is hit by Ron Hainsey and loses puck.
14:02 of 2nd overtime period - Shot by Nikita Kucherov.
14:02 of 2nd overtime period - Stopped by Jonathan Quick without a rebound.
14:03 of 2nd overtime period - Brock Nelson wins face-off versus Jean-Gabriel Pageau in LONG BEACH BARACUDAS zone.
14:18 of 2nd overtime period - Shot by Jaden Schwartz.
14:18 of 2nd overtime period - Deflect By Brock Nelson.
14:18 of 2nd overtime period - Shot Blocked by Charles McAvoy.
15:32 of 2nd overtime period - Shot by Derek Stepan.
15:32 of 2nd overtime period - Shot Hit the Post.
15:40 of 2nd overtime period - Shot by J.T. Compher.
15:40 of 2nd overtime period - Shot Blocked by Deryk Engelland.
15:42 of 2nd overtime period - Shot by J.T. Compher.
15:42 of 2nd overtime period - Stopped by Connor Hellebuyck without a rebound.
15:43 of 2nd overtime period - Steven Stamkos wins face-off versus Nikita Kucherov in SAN DIEGO THUNDER zone.
15:44 of 2nd overtime period - Shot by Taylor Hall.
15:44 of 2nd overtime period - Stopped by Connor Hellebuyck without a rebound.
15:45 of 2nd overtime period - Taylor Hall wins face-off versus Mark Scheifele in SAN DIEGO THUNDER zone.
15:54 of 2nd overtime period - Shot by Steven Stamkos.
15:54 of 2nd overtime period - Shot Misses the Net.
15:57 of 2nd overtime period - Icing by Charles McAvoy.
15:58 of 2nd overtime period - Brock Nelson wins face-off versus Nikita Kucherov in SAN DIEGO THUNDER zone.
16:31 of 2nd overtime period - Shot by Mark Scheifele.
16:31 of 2nd overtime period - Shot Misses the Net.
17:37 of 2nd overtime period - Shot by Marcus Foligno.
17:37 of 2nd overtime period - Stopped by Jonathan Quick with a rebound.
17:46 of 2nd overtime period - Icing by Alex Pietrangelo.
17:47 of 2nd overtime period - Steven Stamkos wins face-off versus Logan Couture in LONG BEACH BARACUDAS zone.
18:15 of 2nd overtime period - Logan Couture is hit by Alex Pietrangelo and loses puck.
18:24 of 2nd overtime period - Shot by Evander Kane.
18:24 of 2nd overtime period - Shot Blocked by Ron Hainsey.
19:34 of 2nd overtime period - Icing by Charles McAvoy.
19:35 of 2nd overtime period - Derek Stepan wins face-off versus Mark Scheifele in SAN DIEGO THUNDER zone.
19:54 of 2nd overtime period - Shot by Jean-Gabriel Pageau.
19:54 of 2nd overtime period - Deflect By Ryan Hartman.
19:54 of 2nd overtime period - Shot Misses the Net.
19:56 of 2nd overtime period - Shot by Jean-Gabriel Pageau.
19:56 of 2nd overtime period - Goal by Jean-Gabriel Pageau - LONG BEACH BARACUDAS : 2 - SAN DIEGO THUNDER : 3.
Goals for this period are 0 for LONG BEACH BARACUDAS vs 1 for SAN DIEGO THUNDER.
Shots for this period are 11 for LONG BEACH BARACUDAS vs 6 for SAN DIEGO THUNDER.


NATHAN
MACKINNON
PHILLIP
DANAULT
CONNOR
MCDAVID

EAST COAST

HOCKEY LEAGUE

  • 25.QUE4CHI5
  • 26.CHA2LIM3
  • 27.TRV2LON3
  • 28.CHW4BAL2
  • 29.PITMAN
  • 30.ATLNHW
  • 31.WORPET
  • 32.RHI